 Dungeon Crawl Stone Soup version 0.31-a0-204-g7da18cac08 (webtiles) character file.

Game seed: 4643116433873494446

1206 domi the Caller (level 8, -7/62 HPs)
             Began as a Mummy Summoner on June 27, 2023.
             Shot with an arrow by a centaur (10 damage)
             ... on level 9 of the Dungeon.
             The game lasted 00:15:25 (5997 turns).

domi the Caller (Mummy Summoner)                    Turns: 5997, Time: 00:15:25

Health: -7/62      AC:  5    Str: 12    XL:     8   Next: 21%
Magic:  3/12       EV: 12    Int: 16    God:
Gold:   171        SH:  0    Dex: 12    Spells: 2/12 levels left

rFire   . . .        d - +4 great sword
rCold   + + .        (shield currently unavailable)
rNeg    + + +        a - +0 robe
rPois   ∞            m - +2 helmet
rElec   .            o - scarf {rC+ rF+}
rCorr   .            (no gloves)
SInv    .            (no boots)
Will    +....        (no amulet)
Stlth   ++           (no ring)
HPRegen 0.30/turn    (no ring)
MPRegen 0.13/turn

%: faith
@: no status effects
A: cold resistance 1, negative energy resistance 3, torment resistance 2, heat
vulnerability 1, in touch with death 1, no potions, faith
a: no special abilities


You were on level 9 of the Dungeon.
You visited 1 branch of the dungeon, and saw 7 of its levels.
You also visited: Sewer.

You collected 171 gold pieces.

Inventory:

Hand Weapons
 d - a +4 great sword (weapon)
   (You took it off a wight on level 8 of the Dungeon)
 p - a +2 falchion
   (You took it off a wight on level 8 of the Dungeon)
Armour
 a - a +0 robe (worn)
 m - a +2 helmet (worn)
   (You took it off Robin on level 4 of the Dungeon)
 o - a scarf of resistance (worn)
   (You found it on level 4 of the Dungeon)
Magical Staves
 b - a staff of cold {rC+}
   (You found it on level 1 of the Dungeon)
Wands
 l - a wand of charming (3)
   (You found it on level 2 of the Dungeon)
Scrolls
 c - 2 scrolls of teleportation {@r4}
 e - 3 scrolls of immolation {!r!r}
 f - 2 scrolls of fog
 g - 2 scrolls of amnesia
 h - a scroll of fear
 i - 5 scrolls of identify {@r1}
 j - 2 scrolls of enchant weapon
 n - 3 scrolls of enchant armour


   Skills:
 - Level 5.0 Fighting
 - Level 1.5 Dodging
 - Level 1.5 Stealth
 - Level 2.6 Spellcasting
 + Level 5.7 Summonings
 - Level 5.0 Air Magic


You had 2 spell levels left.
You knew the following spells:

 Your Spells              Type           Power      Damage    Failure   Level
c - Call Canine Familiar  Summ           20%        N/A       5%          3
x - Call Imp              Summ           40%        N/A       2%          2
z - Summon Small Mammal   Summ           80%        N/A       1%          1
Z - Summon Lightning Spi  Summ/Air       19%        N/A       22%         4

Your spell library contained the following spells:

 Spells                   Type           Power      Damage    Failure   Level
 Poisonous Vapours        Pois/Air       20%        N/A       11%         2
 Sting                    Tmut/Pois      8%         1d3       19%         1
 Summon Guardian Golem    Hex/Summ       11%        N/A       19%         3
 Dazzling Flash           Conj/Hex       4%         N/A       50%         3
 Volatile Blastmotes      Fire/Tloc      4%         2d10      50%         3
 Iskenderun's Mystic Bla  Conj/Tloc      2%         2d3       88%         4
 Olgreb's Toxic Radiance  Pois           2%         N/A       88%         4
 Starburst                Conj/Fire      1%         6d3       100%        6


Dungeon Overview and Level Annotations

Branches:
Dungeon (9/15)              Sewer (visited)
 Temple: D:4-7         Lair: D:8-11         Orc: D:9-12

Altars:
Ru
Uskayaw
Wu Jian


Innate Abilities, Weirdness & Mutations

You are immune to poison.
Your flesh is cold resistant. (rC+)
You are immune to negative energy. (rN+++)
You are immune to unholy pain and torment.
You are vulnerable to heat. (rF-)
You are in touch with the powers of death.
You do not drink.
You have a special connection with the divine. (Faith)


Message History

Found a stone staircase leading down.
A steam dragon comes into view.
A steam dragon is nearby!
A steam dragon is nearby!
A steam dragon is nearby!
A steam dragon is nearby!
A tiny devil pulls itself out of the air.
The steam dragon hisses angrily.
The steam dragon closely misses your hound.
The steam dragon misses your hound.
Your hound barely misses the steam dragon.
The steam dragon breathes steam at you. The ball of steam hits your hound!
The ball of steam hits you!
Your cerulean imp is engulfed in a cloud of scalding steam. x2
Your cerulean imp dies!
Your cerulean imp disappears in a puff of smoke!
A tiny devil pulls itself out of the air.
Your hound bites the steam dragon but does no damage.
Your hound closely misses the steam dragon.
The steam dragon bites your hound! The steam dragon claws your hound.
Your hound barely misses the steam dragon.
The steam dragon misses your hound. The steam dragon claws your hound.
Your hound misses the steam dragon.
Your cerulean imp hits the steam dragon but does no damage.
Your hound bites the steam dragon.
The steam dragon bites your hound.
Your hound dies!
Your hound's corpse disappears in a puff of smoke!
Your cerulean imp misses the steam dragon.
The steam dragon breathes steam at you. The ball of steam hits you!
Your cerulean imp is engulfed in a cloud of scalding steam.
Your cerulean imp hits the steam dragon but does no damage.
The steam dragon closely misses your cerulean imp.
The steam dragon barely misses your cerulean imp.
Your cerulean imp is engulfed in a cloud of scalding steam.
Your cerulean imp hits the steam dragon but does no damage.
Your hound barely misses the steam dragon.
The steam dragon closely misses your cerulean imp.
The steam dragon claws your cerulean imp.
Your cerulean imp is engulfed in a cloud of scalding steam.
Your cerulean imp dies!
Your cerulean imp disappears in a puff of smoke!
Your hound bites the steam dragon.
Your hound closely misses the steam dragon.
You don't have enough magic to cast this spell.
You don't have enough magic to cast this spell.
Press: ? - help, Shift-Dir - straight line, f - steam dragon
Aim: a steam dragon (black smoke, moderately wounded, ally target, chance to affect: 49%)
The steam dragon resists with some effort.
Your hound is engulfed in a cloud of scalding steam.
Your hound barely misses the steam dragon.
Your hound is engulfed in a cloud of scalding steam.
You closely miss the steam dragon.
Your hound bites the steam dragon but does no damage.
The steam dragon breathes steam at you. The ball of steam hits you!
Your hound bites the steam dragon but does no damage.
The steam dragon bites you but does no damage.
The steam dragon closely misses you.
Your hound bites the steam dragon.
The steam dragon barely misses you. The steam dragon claws you.
Your hound bites the steam dragon but does no damage.
You closely miss the steam dragon.
Your hound closely misses the steam dragon.
The steam dragon breathes steam at you. The ball of steam hits you!!
* * * LOW HITPOINT WARNING * * *
Your hound bites the steam dragon.
Your hound bites the steam dragon but does no damage.
The steam dragon bites you but does no damage.
The steam dragon claws you.
* * * LOW HITPOINT WARNING * * *
Your hound bites the steam dragon.
As you read the scroll of fear, it crumbles to dust.
You assume a fearsome visage.
The steam dragon looks frightened!
The steam dragon misses your hound.
The steam dragon barely misses your hound.
Your hound bites the steam dragon.
Your hound's attack snaps the steam dragon out of its fear.
Your hound bites the steam dragon.
Blink to where?
Press: ? - help, Dir - move target, p - steam dragon
As you read the scroll of blinking, it crumbles to dust.
Okay, then.
As you read the scroll labelled YQEAZESA WUIHI, it dissolves into smoke.
It was a scroll of fog.
There is a stone staircase leading down here.
You climb downwards.
There is a stone staircase leading up here.
You start resting.
A centaur comes into view.
The centaur shouts!
The centaur wields a +0 shortbow.
The centaur shoots an arrow.
The arrow hits you!
* * * LOW HITPOINT WARNING * * *
A tiny devil pulls itself out of the air.
The centaur shoots an arrow.
The arrow hits you!
* * * LOW HITPOINT WARNING * * *
The centaur shoots an arrow.
The arrow hits you!
You die...

. ... #. ... #..
..# #... ...#
#....######..c#
..............##
.....5.<..?.....
........@.h....:
................
#...........####
#...........#
............#
.............
..............
............##


You could see a centaur (ally target), a friendly hound (summoned) and a
friendly cerulean imp (summoned).

Vanquished Creatures
  A phantom (D:4)
  2 wights (D:8)
  A jelly (D:5)
  2 iguanas
  An adder (D:5)
  A river rat (D:5)
  A white imp (D:5)
  2 worms
  2 dart slugs (D:3)
  3 orcs
  3 bats
  2 endoplasms (D:2)
  2 giant cockroaches
  5 goblins
  2 hobgoblins (D:1)
  2 jackals
  3 kobolds
  A quokka (D:3)
  2 ball pythons
  A rat (D:3)
39 creatures vanquished.

Vanquished Creatures (collateral kills)
  An ice beast (D:5)
  A centaur (D:8)
  3 kobold brigands
  A bullfrog (D:8)
  A scorpion (D:5)
  A jelly (D:5)
  An iguana (D:4)
  Natasha (thrice) (D:4)
  Robin (D:4)
  8 adders
  4 gnolls (D:2)
  4 river rats
  An ufetubus (D:4)
  5 worms
  3 dart slugs
  5 orcs
  A bat (D:1)
  2 endoplasms
  11 goblins
  4 hobgoblins
  6 jackals
  5 ball pythons
  2 frilled lizards
  9 kobolds
  8 rats
91 creatures vanquished.

Grand Total: 130 creatures vanquished

Notes
Turn   | Place    | Note
-------+----------+-------------------------------------------
     0 | D:1      | domi the Mummy Summoner began the quest for the Orb.
     0 | D:1      | Reached XP level 1. HP: 13/13 MP: 4/4
   177 | D:1      | Found a faded altar of an unknown god.
   262 | D:1      | HP: 3/13 [kobold/+0 whip (3)]
   267 | D:1      | HP: 1/13 [kobold/+0 club (3)]
   269 | D:1      | Reached XP level 2. HP: 3/19 MP: 1/5
   561 | D:1      | Learned a level 2 spell: Call Imp
   878 | D:1      | Reached skill level 4 in Summonings
  1429 | D:2      | Gained mutation: You are in touch with the powers of death.
                  | [Mummy growth]
  1429 | D:2      | Reached XP level 3. HP: 24/24 MP: 4/7
  1467 | D:2      | Learned a level 3 spell: Call Canine Familiar
  1807 | D:2      | Reached XP level 4. HP: 21/30 MP: 0/8
  2480 | D:3      | Reached skill level 5 in Summonings
  2879 | D:3      | Reached skill level 1 in Fighting
  3071 | D:4      | Noticed a phantom
  3094 | D:4      | Reached skill level 2 in Fighting
  3094 | D:4      | Reached XP level 5. HP: 29/38 MP: 2/9
  3112 | D:4      | Killed a phantom
  3113 | D:4      | Reached skill level 3 in Fighting
  3197 | D:4      | Noticed Robin
  3230 | D:4      | HP: 9/41 [goblin/+0 club[Robin] (2)]
  3236 | D:4      | HP: 6/41 [goblin/sling bullet[Robin] (5)]
  3244 | D:4      | Killed Robin
  3389 | D:4      | Reached skill level 4 in Fighting
  3389 | D:4      | Reached XP level 6. HP: 48/48 MP: 5/10
  3430 | D:4      | Learned a level 4 spell: Summon Lightning Spire
  3607 | D:4      | Noticed Natasha
  3636 | D:4      | Killed Natasha
  3711 | D:4      | Noticed Natasha
  3722 | D:4      | Killed Natasha
  3878 | D:4      | Found a hide-covered altar of Uskayaw.
  3981 | D:4      | Noticed Natasha
  3992 | D:4      | Killed Natasha
  3993 | D:4      | Reached skill level 1 in Air Magic
  4093 | D:4      | Found an ornate altar of the Wu Jian Council.
  4093 | D:4      | Found a sacrificial altar of Ru.
  4216 | D:5      | Entered Level 5 of the Dungeon
  4224 | D:5      | Noticed an ice beast
  4241 | D:5      | Reached skill level 2 in Air Magic
  4241 | D:5      | Reached XP level 7. HP: 27/55 MP: 1/11
  4252 | D:5      | Reached skill level 5 in Fighting
  4331 | D:5      | HP: 14/56 [river rat (2)]
  4348 | D:5      | Found a glowing drain.
  4356 | Sewer    | Entered a sewer
  4657 | Sewer    | Reached skill level 3 in Air Magic
  5385 | D:5      | Reached skill level 4 in Air Magic
  5546 | D:5      | You fall into a shaft and drop 3 floors!
  5632 | D:8      | Reached skill level 5 in Air Magic
  5632 | D:8      | Reached XP level 8. HP: 57/62 MP: 1/12
  5740 | D:8      | HP: 14/62 [bullfrog (6)]
  5948 | D:8      | HP: 12/62 [steam dragon/ball of steam (18)]
  5995 | D:9      | HP: 10/62 [centaur/arrow (15)]
  5996 | D:9      | HP: 3/62 [centaur/arrow (7)]
  5997 | D:9      | Shot with an arrow by a centaur

Illustrated notes

Levels and vault maps discovered:
D:1:      dpeg_arrival_brainrot, layout_basic, chequers_ecumenical_altar_twisty,
          serial_bayou_lake_a
D:2:      layout_rooms
D:3:      layout_loops_ring, serial_forest, infiniplex_forest_lined_2,
          infiniplex_forest_clump_large, infiniplex_forest_lined_2,
          infiniplex_forest_clump_medium, infiniplex_forest_lined_4_way
D:4:      layout_rooms, chequers_temple_overflow_statue_of_worship,
          nicolae_uskayaw_murder_on_the_dancefloor, tso_oasis_becter,
          uniq_natasha, uniq_robin
D:5:      layout_cave_pools, temple_green, lightli_sewer_entry_pipes
D:8:      layout_loops_ring, vehumet_altar_wand_db, tgw_xom
D:9:      layout_small_grid, grunt_ogre_cave, nicolae_shop_unique_rings

Skill      XL: |  1  2  3  4  5  6  7 |
---------------+----------------------+-----
Summonings     | 4 5 |  5.7
Fighting       | 2 4 5 |  5.0
Air Magic      | 2 5 |  5.0
Dodging        | |  1.5
Stealth        | |  1.5
Spellcasting   | |  2.6

Action                     |  1- 3 |  4- 6 |  7- 9 || total
---------------------------+-------+-------+-------++-------
  Melee: Unarmed           |     7 |       |       ||     7
         Whip              |    11 |       |       ||    11
         Morningstar       |    36 |    70 |    41 ||   147
         Punch             |       |       |     1 ||     1
         Falchion          |       |       |     5 ||     5
         Great sword       |       |       |     2 ||     2
   Cast: Summon Small Mamm |    28 |     8 |     2 ||    38
         Call Imp          |    15 |    28 |    26 ||    69
         Call Canine Famil |       |    16 |    26 ||    42
  Evoke: Wand              |     1 |     5 |     4 ||    10
    Use: Scroll            |       |     3 |     7 ||    10
   Stab: Sleeping          |     2 |       |       ||     2
         Distracted        |       |       |     1 ||     1
 Armour: Robe              |    10 |    22 |    17 ||    49
  Dodge: Dodged            |    32 |    60 |    58 ||   150

Table legend: (Time is in decaauts)
 A = Elapsed time spent in this place.
 B = Non-inter-level travel time spent in this place.
 C = Inter-level travel time spent in this place.
 D = Time resting spent in this place.
 E = Time spent auto-exploring this place.
 F = Levels seen in this place.
 G = Mean time per level.
                   A        B        C        D        E       F      G
               +--------+--------+--------+--------+--------+-----+--------+
         Total |   6247 |   6178 |     69 |    806 |   4022 |   8 |  780.9 |
       Dungeon |   5111 |   5042 |     69 |    703 |   3180 |   7 |  730.1 |
         Sewer |   1136 |   1136 |      0 |    103 |    842 |   1 | 1136.0 |
               +--------+--------+--------+--------+--------+-----+--------+

Top non-repeatable levels by time:
     D:1: 1383 daAuts
     D:4: 1170 daAuts
   Sewer: 1136 daAuts
     D:3: 997 daAuts
     D:2: 734 daAuts
     D:8: 418 daAuts
     D:5: 372 daAuts
     D:9: 35 daAuts

Levels and vault maps discovered:
D:1:      dpeg_arrival_brainrot, layout_basic, chequers_ecumenical_altar_twisty,
          serial_bayou_lake_a
D:2:      layout_rooms
D:3:      layout_loops_ring, serial_forest, infiniplex_forest_lined_2,
          infiniplex_forest_clump_large, infiniplex_forest_lined_2,
          infiniplex_forest_clump_medium, infiniplex_forest_lined_4_way
D:4:      layout_rooms, chequers_temple_overflow_statue_of_worship,
          nicolae_uskayaw_murder_on_the_dancefloor, tso_oasis_becter,
          uniq_natasha, uniq_robin
D:5:      layout_cave_pools, temple_green, lightli_sewer_entry_pipes
D:8:      layout_loops_ring, vehumet_altar_wand_db, tgw_xom
D:9:      layout_small_grid, grunt_ogre_cave, nicolae_shop_unique_rings

Table legend: (Time is in decaauts)
 A = Elapsed time spent in this place.
 B = Non-inter-level travel time spent in this place.
 C = Inter-level travel time spent in this place.
 D = Time resting spent in this place.
 E = Time spent auto-exploring this place.
 F = Levels seen in this place.
 G = Mean time per level.
                   A        B        C        D        E       F      G
               +--------+--------+--------+--------+--------+-----+--------+
         Total |   6247 |   6178 |     69 |    806 |   4022 |   8 |  780.9 |
       Dungeon |   5111 |   5042 |     69 |    703 |   3180 |   7 |  730.1 |
         Sewer |   1136 |   1136 |      0 |    103 |    842 |   1 | 1136.0 |
               +--------+--------+--------+--------+--------+-----+--------+

Top non-repeatable levels by time:
     D:1: 1383 daAuts
     D:4: 1170 daAuts
   Sewer: 1136 daAuts
     D:3: 997 daAuts
     D:2: 734 daAuts
     D:8: 418 daAuts
     D:5: 372 daAuts
     D:9: 35 daAuts

Table legend:
 A = Kills in this place as a percentage of kills in the entire game.
 B = Kills by you in this place as a percentage of kills by you in the entire game.
 C = Kills by friends in this place as a percentage of kills by friends in the entire game.
 D = Other kills in this place as a percentage of other kills in the entire game.
 E = Experience gained in this place as a percentage of experience gained in the entire game.
 F = Experience gained in this place divided by the number of levels of this place that you have seen.
                   A       B       C       D       E      F
               +-------+-------+-------+-------+-------+----------------------
         Total | 100.0 | 100.0 | 100.0 |   N/A | 100.0 | 215.4
       Dungeon |  84.6 |  97.4 |  79.1 |   N/A |  82.7 | 203.6
         Sewer |  15.4 |   2.6 |  20.9 |   N/A |  17.3 | 298.0
               +-------+-------+-------+-------+-------+----------------------
